AoeStats
← VbadGamer

Arabia

505809711Analyzed
1v1 RM · 20d ago on Sep 11, 2026· 39m 21s· 2 players
Game mode
Random Map
Map size
Tiny (2 player)
Population
200
Speed
Normal
Resources
Standard
Victory
Conquest
Starting age
Dark Age
Ending age
Imperial Age
RankedLock teamsTeams togetherTeam positionsShared explorationLock speedFull tech treeHidden civsTurbo modeCheats
Victory
Defeat
🇦🇺 Magyars · Australia
656
+17
🇺🇸 Byzantines · United States
673
-17
VbadGamer
9:50 Loom
12:05 Feudal Age
12:33 Double-Bit Axe
15:14 Scale Mail Armor
14:41 Man-at-Arms
18:10 Horse Collar
20:11 Bloodlines
21:40 Arson
26:25 Castle Age
25:28 Gold Mining
27:02 Scale Barding Armor
28:09 Chain Barding Armor
28:42 Husbandry
29:47 Bow Saw
29:43 Heavy Plow
30:18 Pikeman
30:29 Long Swordsman
30:51 Light Cavalry
34:04 Treadmill Crane
38:08 Gold Shaft Mining
38:11 Corvinian Army
rarekittenz67
3:41 Loom
11:32 Feudal Age
12:10 Horse Collar
12:28 Double-Bit Axe
14:25 Wheelbarrow
20:30 Castle Age
21:59 Fletching
22:05 Crossbowman
23:26 Bodkin Arrow
27:54 Gold Mining
29:10 Fervor
29:35 Bow Saw
33:59 Imperial Age
33:36 Hand Cart
34:56 Arbalester
Connection lost

Rejoining the realm…

Still unreachable

The connection could not be restored.

Session expired

The server has moved on; the page needs a fresh start.